 Dungeon Crawl Stone Soup version 0.29.1-1-gd02db6906a (webtiles) character file.

Game seed: 7291576645164176193

49 concernfroge the Trooper (level 3, -2/31 HPs)
             Began as a Mummy Monk on Sept 18, 2022.
             Slain by a gnoll
             ... wielding a +0 club
              (7 damage)
             ... on level 2 of the Dungeon.
             The game lasted 00:01:59 (840 turns).

concernfroge the Trooper (Mummy Monk)                Turns: 840, Time: 00:02:00

Health: -2/31      AC:  3    Str: 16    XL:     3   Next: 51%
Magic:  3/3        EV: 13    Int:  9    God:
Gold:   70         SH:  0    Dex: 26    Spells: 2/2 levels left

rFire   x . .      SeeInvis .   a - +1 spear
rCold   + . .      Faith    .   (no shield)
rNeg    + + +      Spirit   .   d - +0 leather armour
rPois   ∞          Reflect  .   (no helmet)
rElec   .          Harm     .   (no cloak)
rCorr   .          Rampage  .   (no gloves)
Will    .....                   (no boots)
Stlth   ++........              (no amulet)
HPRegen 0.10/turn               c - +6 ring of dexterity
MPRegen 0.08/turn               g - +6 ring of dexterity

@: no status effects
A: cold resistance 1, negative energy resistance 3, torment resistance 2, heat
vulnerability 1, in touch with death 1, no potions
a: no special abilities


You were on level 2 of the Dungeon.
You visited 1 branch of the dungeon, and saw 2 of its levels.

You collected 113 gold pieces.
You spent 43 gold pieces at shops.

Inventory:

Hand Weapons
 a - a +1 spear (weapon)
Missiles
 e - 3 poisoned darts (quivered)
 f - 6 atropa-tipped darts
Armour
 d - a +0 leather armour (worn)
Jewellery
 c - a +6 ring of dexterity (left hand)
 g - a +6 ring of dexterity (right hand)
Scrolls
 b - 2 scrolls of enchant weapon


   Skills:
 + Level 4.6 Fighting
 - Level 2.4 Polearms
 - Level 2.4 Dodging
 - Level 1.5 Stealth


You had 2 spell levels left.
You didn't know any spells.
Your spell library contained the following spells:

 Spells                   Type           Power      Damage    Failure   Level
 Gell's Gravitas          Tloc           0%         N/A       83%         3
 Teleport Other           Tloc           0%         N/A       83%         3
 Dispersal                Tloc           0%         N/A       100%        6


Dungeon Overview and Level Annotations

Branches:
Dungeon (2/15)

Altars:

Shops:
D:1 (


Innate Abilities, Weirdness & Mutations

You are immune to poison.
Your flesh is cold resistant. (rC+)
You are immune to negative energy. (rN+++)
You are immune to unholy pain and torment.
You are vulnerable to heat. (rF-)
You are in touch with the powers of death.
You do not drink.


Message History

You see here a grey potion.
You see here 5 stones.
An endoplasm comes into view.
A gnoll comes into view. It is wielding a +0 whip.
The gnoll shouts!
A gnoll comes into view. It is wielding a +0 spear.
A gnoll comes into view. It is wielding a +0 flail.
The gnoll moves out of view.
A gnoll comes into view. It is wielding a +0 club.
You reach to attack!
The gnoll shouts!
You hit the endoplasm.
The endoplasm is heavily wounded.
You hit the endoplasm.
You kill the endoplasm!
You reach to attack!
You hit the gnoll.
The gnoll is moderately wounded.
You hit the gnoll.
The gnoll is severely wounded.
The gnoll hits you with a +0 whip.
You hit the gnoll but do no damage.
The gnoll is severely wounded.
The gnoll hits you but does no damage.
You completely miss the gnoll.
The gnoll is severely wounded.
The gnoll shouts!
The gnoll completely misses you. The gnoll hits you with a +0 flail!
You barely miss the gnoll.
The gnoll is severely wounded.
The gnoll barely misses you.
You hit the gnoll.
You kill the gnoll!
The gnoll hits you with a +0 club. The gnoll hits you but does no damage.
The gnoll attacks as you move away! The gnoll hits you with a +0 flail!
The gnoll attacks as you move away! The gnoll hits you with a +0 club!
* * * LOW HITPOINT WARNING * * *
As you read the scroll labelled VAUSIXT PISS, it crumbles to dust.
It is a scroll of enchant weapon.
Your +0 spear glows red for a moment.
The gnoll hits you with a +0 club!
You die...

.# .# .# #.# ..# #
#.###########.# #.
.......(..@gg.#
..........####..#
#...####.####.)#
#..###.....##..#
#........#.##g.#
.....###....#.##..#
##. #!.#.#.##..#
#......##...
#.##........


You could see 2 gnolls.

Vanquished Creatures
  A gnoll (D:2)
  A worm (D:2)
  A dart slug (D:1)
  A ball python (D:1)
  3 bats (D:1)
  4 endoplasms
  A giant cockroach (D:1)
  5 goblins
  4 hobgoblins (D:1)
  2 kobolds (D:1)
  2 quokkas
  2 frilled lizards (D:1)
  5 rats
32 creatures vanquished.

Notes
Turn   | Place    | Note
-------+----------+-------------------------------------------
     0 | D:1      | concernfroge the Mummy Monk began the quest for the Orb.
     0 | D:1      | Reached XP level 1. HP: 18/18 MP: 1/1
    72 | D:1      | Reached XP level 2. HP: 24/24 MP: 2/2
   145 | D:1      | Found a faded altar of an unknown god.
   292 | D:1      | Reached skill level 4 in Fighting
   582 | D:1      | Gained mutation: You are in touch with the powers of death.
                  | [Mummy growth]
   582 | D:1      | Reached XP level 3. HP: 30/30 MP: 3/3
   631 | D:1      | Found Lovorhui's Weapon Shoppe.
   634 | D:1      | Bought 6 atropa-tipped darts for 43 gold pieces
   840 | D:2      | Slain by a gnoll

Illustrated notes

Levels and vault maps discovered:
D:1:      denvon_arrival_planthouse, layout_basic,
          shapermc_ecumenical_altar_notcrosses, serial_shops,
          nicolae_shop_behind_doors, serial_bayou_pond_a
D:2:      layout_loops_ring, serial_shops, nicolae_diamond_shop

Skill      XL: |  1  2 |
---------------+-------+-----
Fighting       | 4 |  4.6
Polearms       | |  2.4
Dodging        | |  2.4
Stealth        | |  1.5

Action                   || total
-------------------------++-------
Melee: Spear             ||    84
  Use: Scroll            ||     1
 Stab: Sleeping          ||     7
Armor: Leather armour    ||     6
       Robe              ||     1
Dodge: Dodged            ||    29
